[Event "Titled Tuesday Blitz May 24 Early 2022"]
[White "San, Thit Lwin"]
[Black "Hirneise, Jens"]
[WhiteFideId "13001272"]
[BlackFideId "24614734"]
[WhiteElo "2232"]
[BlackElo "2359"]
[Result "0-1"]
[Round "02"]
[TimeControl "180+1"]
[Date "2022.05.25"]
[WhiteClock "0:00:11"]
[BlackClock "0:00:20"]

1. Nf3 d5 2. c4 dxc4 3. e3 Nf6 4. Bxc4 e6 5. d4 a6 6. O-O c5 7. Nc3 cxd4 8. exd4 b5 9. Bb3 Bb7 10. Bg5 Be7 11. Qe2 O-O 12. Rad1 b4 13. Na4 Bc6 14. Ne5 Bd5 15. Nc5 Bxb3 16. Nxb3 Nd5 17. Bc1 Bd6 18. f4 Nd7 19. f5 exf5 20. Rxf5 N7f6 21. Bg5 Qc8 22. Qf3 Be7 23. Rf1 a5 24. Nc5 Bxc5 25. dxc5 Qxc5+ 26. Kh1 Ra6 27. Bxf6 Nxf6 28. Qg3 Qe7 29. h3 Kh8 30. Qh4 Re6 31. Qf4 Kg8 32. g4 Qb7+ 33. Kh2 Qe4 34. Rxf6 Qxe5 35. Rxe6 Qxf4+ 36. Rxf4 fxe6 37. Re4 Rf2+ 38. Kg3 Rxb2 39. Rxe6 Rxa2 40. Re7 b3 41. Rb7 a4 42. g5 b2 43. h4 a3 44. h5 Ra1 45. g6 hxg6 46. hxg6 b1=Q 47. Rxb1 Rxb1 48. Kf3 a2 0-1


[Site "https://www.chess.com"]

[Event "Titled Tuesday Blitz May 24 Early 2022"]
[White "Sanchez, Robert"]
[Black "McCoy, Owen"]
[WhiteFideId "2034360"]
[BlackFideId "30924502"]
[WhiteElo "2247"]
[BlackElo "2485"]
[Result "1-0"]
[Round "02"]
[TimeControl "180+1"]
[Date "2022.05.25"]
[WhiteClock "0:01:14"]
[BlackClock "0:00:15"]

1. e4 c5 2. Nf3 d6 3. d4 cxd4 4. Nxd4 Nf6 5. Nc3 a6 6. Be3 e5 7. Nb3 Be6 8. f3 Be7 9. Qd2 Nbd7 10. O-O-O O-O 11. g4 b5 12. g5 b4 13. Ne2 Ne8 14. Ng3 a5 15. Kb1 a4 16. Nc1 b3 17. cxb3 axb3 18. a3 Nc7 19. Nf5 d5 20. Nxe7+ Qxe7 21. Bd3 d4 22. Bf2 Nc5 23. f4 exf4 24. Qxf4 Nxd3 25. Nxd3 Nb5 26. Nb4 Nxa3+ 27. bxa3 Rxa3 28. Rxd4 Rfa8 29. Rhd1 R3a4 30. Qd6 Ra1+ 31. Kb2 R8a2+ 32. Nxa2 Rxa2+ 33. Kb1 Ra1+ 34. Kxa1 Qa7+ 35. Kb2 Qa2+ 36. Kc3 Qc2+ 37. Kb4 h5 38. g6 b2 39. Qd8# 1-0


[Site "https://www.chess.com"]

[Event "Titled Tuesday Blitz May 24 Early 2022"]
[White "Sargsyan, Anna M."]
[Black "Klekowski, Maciej"]
[WhiteFideId "13308130"]
[BlackFideId "1132717"]
[WhiteElo "2271"]
[BlackElo "2476"]
[Result "0-1"]
[Round "02"]
[TimeControl "180+1"]
[Date "2022.05.24"]
[WhiteClock "0:00:04"]
[BlackClock "0:00:07"]

1. d4 Nf6 2. c4 e6 3. Nf3 Bb4+ 4. Nc3 b6 5. Qc2 O-O 6. Bg5 h6 7. Bh4 d6 8. e3 Nbd7 9. Bd3 Bb7 10. O-O c5 11. dxc5 Bxf3 12. gxf3 bxc5 13. Kh1 Rb8 14. Rg1 Qb6 15. Ne2 Qc6 16. Rg3 Nh5 17. Rh3 f5 18. Rg1 Ne5 19. e4 Rbe8 20. Bg3 Nxf3 21. Rxh5 Nxg1 22. Kxg1 g6 23. Rxh6 Kg7 24. Rh3 e5 25. exf5 e4 26. fxg6 exd3 27. Qxd3 Qe4 28. Qxe4 Rxe4 29. Nf4 Rexf4 30. Bxf4 Rxf4 31. Rd3 Rf6 32. Kg2 Kxg6 33. Kh3 Kf7 34. Kg3 Ke6 35. f3 Be1+ 36. Kg4 Bf2 37. h4 Bd4 38. h5 Bxb2 39. Rd2 Be5 40. Re2 Rf4+ 41. Kg5 Rxc4 42. h6 Kf7 43. Re1 Rc2 44. f4 Rg2+ 45. Kf5 Rf2 46. h7 Bf6 47. Re6 Bh8 48. Rxd6 Kg7 49. Rd7+ Kh6 50. Rxa7 c4 51. a4 c3 52. Rc7 Ra2 53. Kg4 Rxa4 54. Kf3 Ra1 55. Kg4 Rg1+ 56. Kf5 Rg6 57. Ke4 Rg7 58. Rxc3 Re7+ 59. Kf5 Bxc3 60. h8=Q+ Bxh8 61. Kg4 Rf7 0-1


[Site "https://www.chess.com"]

[Event "Titled Tuesday Blitz May 24 Early 2022"]
[White "Schekachikhin, Maksim"]
[Black "Xu, Yi"]
[WhiteFideId "24177830"]
[BlackFideId "8605564"]
[WhiteElo "2239"]
[BlackElo "2471"]
[Result "0-1"]
[Round "02"]
[TimeControl "180+1"]
[Date "2022.05.24"]
[WhiteClock "0:00:11"]
[BlackClock "0:00:27"]

1. Nf3 d5 2. g3 Nf6 3. Bg2 e6 4. O-O Be7 5. b3 O-O 6. Bb2 c5 7. e3 Nc6 8. Ne5 Nxe5 9. Bxe5 b6 10. c4 Bb7 11. Qe2 Bd6 12. Bxd6 Qxd6 13. Nc3 Rfd8 14. Rfd1 Rac8 15. Rac1 Qb8 16. cxd5 Nxd5 17. Nxd5 Bxd5 18. Bxd5 Rxd5 19. d4 cxd4 20. Rxc8+ Qxc8 21. Rxd4 Rxd4 22. exd4 h6 23. Qe4 g6 24. Kg2 Qd7 25. h4 h5 26. Qa8+ Kg7 27. Qe4 Kf8 28. Kf3 Ke7 29. Ke3 Qc7 30. Qd3 Qc1+ 31. Kf3 Qh1+ 32. Ke2 a5 33. Qc4 Qe4+ 34. Kf1 Kf6 35. a4 Kf5 36. Qb5+ Kg4 37. Qc4 Kh3 38. Qc3 Kh2 39. Qc4 Qf3 40. Ke1 Qe4+ 41. Kf1 Qb1+ 42. Ke2 Kg1 43. Qb5 Qe4+ 44. Kd2 Qxd4+ 45. Kc2 Kxf2 0-1


[Site "https://www.chess.com"]

[Event "Titled Tuesday Blitz May 24 Early 2022"]
[White "Schut, Han"]
[Black "Al-Tarboush, Ward"]
[WhiteFideId "1005561"]
[BlackFideId "7601450"]
[WhiteElo "2057"]
[BlackElo "2294"]
[Result "0-1"]
[Round "02"]
[TimeControl "180+1"]
[Date "2022.05.25"]
[WhiteClock "0:00:11"]
[BlackClock "0:01:34"]

1. e4 e6 2. d4 d5 3. e5 c5 4. c3 Nc6 5. Nf3 Qb6 6. Bd3 cxd4 7. O-O Bd7 8. Re1 a6 9. a3 Nge7 10. h4 Rc8 11. Qe2 Nf5 12. Bxf5 exf5 13. cxd4 Nxd4 14. Nxd4 Qxd4 15. Nc3 Be7 16. Rd1 Qc4 17. Rxd5 Qxe2 18. Nxe2 Be6 19. Rd1 Bxh4 20. Nf4 Be7 21. Be3 g5 22. Nd5 Bxd5 23. Rxd5 O-O 24. Rd7 Rfe8 25. Rxb7 f4 26. Bd2 Rc2 27. Bc3 Bc5 28. Rf1 g4 29. Kh1 Bxf2 30. Rd7 Re6 31. Rd6 g3 32. Rxe6 fxe6 33. Rd1 Kf7 34. Rd7+ Kg6 35. Rd1 h5 0-1


[Site "https://www.chess.com"]

[Event "Titled Tuesday Blitz May 24 Early 2022"]
[White "Seemann, Jakub"]
[Black "Kostiukov, Alexandr"]
[WhiteFideId "21874697"]
[BlackFideId "14108100"]
[WhiteElo "2003"]
[BlackElo "2202"]
[Result "1-0"]
[Round "02"]
[TimeControl "180+1"]
[Date "2022.05.25"]
[WhiteClock "0:01:45"]
[BlackClock "0:00:08"]

1. Nf3 g6 2. b3 Nf6 3. Bb2 Bg7 4. e3 O-O 5. Be2 d5 6. O-O c5 7. d4 Ne4 8. Nbd2 Nc6 9. Qc1 Bf5 10. Nxe4 dxe4 11. Nh4 cxd4 12. Nxf5 gxf5 13. Rd1 e5 14. exd4 exd4 15. Qf4 Qf6 16. Bb5 Rad8 17. Rd2 Qe5 18. Qxe5 Nxe5 19. Rad1 a6 20. Be2 Nc6 21. a3 Rd7 22. Kf1 Rfd8 23. f3 Bh6 24. fxe4 Bxd2 25. Rxd2 fxe4 26. Bg4 Rd6 27. Ke1 Ne5 28. Bf5 e3 29. Re2 Rf6 30. g4 h5 31. h3 hxg4 32. hxg4 Kf8 33. Kd1 Ke7 34. a4 Rh6 35. Rg2 Rh1+ 36. Ke2 Ra1 37. Bxa1 1-0


[Site "https://www.chess.com"]

[Event "Titled Tuesday Blitz May 24 Early 2022"]
[White "Shimanov, Aleksandr"]
[Black "Fernandez Barrera, Victor"]
[WhiteFideId "4198603"]
[BlackFideId "2261529"]
[WhiteElo "2605"]
[BlackElo "2189"]
[Result "1-0"]
[Round "02"]
[TimeControl "180+1"]
[Date "2022.05.25"]
[WhiteClock "0:01:44"]
[BlackClock "0:00:22"]

1. b3 Nf6 2. Bb2 g6 3. Nf3 Bg7 4. g3 b6 5. d4 Bb7 6. Bg2 O-O 7. c4 d5 8. O-O Ne4 9. Qc2 e6 10. Rd1 a5 11. Nc3 Na6 12. Rac1 Nb4 13. Qb1 f5 14. e3 c5 15. Ne2 Qe7 16. a3 Nc6 17. cxd5 exd5 18. Nf4 cxd4 19. Nxd4 1-0


[Site "https://www.chess.com"]

[Event "Titled Tuesday Blitz May 24 Early 2022"]
[White "Sokolovsky, Yahli"]
[Black "Andreikin, Dmitry"]
[WhiteFideId "2820242"]
[BlackFideId "4158814"]
[WhiteElo "1770"]
[BlackElo "2736"]
[Result "1/2-1/2"]
[Round "02"]
[TimeControl "180+1"]
[Date "2022.05.24"]
[WhiteClock "0:01:13"]
[BlackClock "0:02:16"]

1. b3 e5 2. Bb2 Nc6 3. e3 Nf6 4. Nf3 e4 5. Nd4 Nxd4 6. Bxd4 d5 7. c4 dxc4 8. Bxc4 Bd6 9. Nc3 Bf5 10. f3 O-O 11. O-O Bg6 12. fxe4 Nxe4 13. Nxe4 Bxe4 14. Qg4 Bg6 15. h4 Qc8 16. Qg5 Qd8 17. Qg4 Qc8 18. Qg5 Qd8 19. Qg4 1/2-1/2


[Site "https://www.chess.com"]

[Event "Titled Tuesday Blitz May 24 Early 2022"]
[White "Solovchuk, Oleksiy"]
[Black "Mekhitarian, Krikor Sevag"]
[WhiteFideId "14115220"]
[BlackFideId "2107660"]
[WhiteElo "2305"]
[BlackElo "2598"]
[Result "0-1"]
[Round "02"]
[TimeControl "180+1"]
[Date "2022.05.24"]
[WhiteClock "0:00:02"]
[BlackClock "0:00:07"]

1. c4 c5 2. Nc3 Nc6 3. g3 g6 4. Bg2 Bg7 5. d3 d6 6. Nf3 e5 7. Nd5 h6 8. Nd2 Nge7 9. Nxe7 Nxe7 10. Rb1 a5 11. Ne4 O-O 12. Nc3 f5 13. O-O Kh7 14. a3 Nc6 15. Nd5 a4 16. b4 axb3 17. Rxb3 Ra7 18. Rb1 Rf7 19. Nb6 Be6 20. Bd5 Qe8 21. Bxe6 Qxe6 22. Nd5 f4 23. Kg2 Ra8 24. f3 fxg3 25. hxg3 Raf8 26. Rh1 Nd4 27. Bd2 h5 28. Rb6 Kg8 29. a4 Bf6 30. Be3 Bd8 31. Rb2 Re8 32. Qc1 Qd7 33. Bg5 Kg7 34. g4 Rh8 35. Bxd8 Qxd8 36. gxh5 gxh5 37. Kf2 Kf8 38. Rb6 h4 39. Rh3 Nf5 40. a5 Qd7 41. Qh1 Ng3 42. Qh2 Nf5 43. Ke1 Qa4 44. Rb5 Qa2 45. Kf2 Nd4 46. Ke3 Qc2 47. Ke4 Qd2 48. e3 Ne2 0-1


[Site "https://www.chess.com"]

[Event "Titled Tuesday Blitz May 24 Early 2022"]
[White "Srihari L R"]
[Black "Baches Garcia, Guillermo"]
[WhiteFideId "46617116"]
[BlackFideId "2209764"]
[WhiteElo "2121"]
[BlackElo "2521"]
[Result "1-0"]
[Round "02"]
[TimeControl "180+1"]
[Date "2022.05.25"]
[WhiteClock "0:01:11"]
[BlackClock "0:00:05"]

1. d4 Nf6 2. Nf3 e6 3. e3 d5 4. Bd3 c5 5. b3 Nc6 6. O-O Bd6 7. Bb2 O-O 8. Nbd2 b6 9. a3 Bb7 10. Qe2 Rc8 11. c4 Qe7 12. Rfd1 Rfd8 13. Ne5 Bb8 14. Rac1 cxd4 15. exd4 dxc4 16. Ndxc4 g6 17. Bb1 Nd5 18. g3 Ba8 19. Be4 b5 20. Nxc6 Bxc6 21. Ne5 Bxe5 22. dxe5 Qb7 23. Qf3 Rd7 24. Rd4 Rcd8 25. Rcd1 Qc7 26. h4 Qxe5 27. Rxd5 Qxb2 28. Rxd7 Bxd7 29. Bc6 Qc2 30. Rxd7 Rxd7 31. Bxd7 Qc1+ 32. Kg2 Qxa3 33. Bxb5 Qe7 34. Bc4 a5 35. h5 Kg7 36. hxg6 hxg6 37. Qc3+ 1-0


[Site "https://www.chess.com"]

[Event "Titled Tuesday Blitz May 24 Early 2022"]
[White "Stanisz, Patryk"]
[Black "D`Arruda, Ricardo D."]
[WhiteFideId "1123106"]
[BlackFideId "100692"]
[WhiteElo "1833"]
[BlackElo "2504"]
[Result "1/2-1/2"]
[Round "02"]
[TimeControl "180+1"]
[Date "2022.05.25"]
[WhiteClock "0:00:05"]
[BlackClock "0:00:03"]

1. d4 Nf6 2. c4 e5 3. dxe5 Ne4 4. a3 Nc6 5. Nf3 d6 6. Nbd2 Nxd2 7. Bxd2 dxe5 8. Bc3 Qxd1+ 9. Rxd1 f6 10. e3 Be6 11. Be2 Be7 12. b4 a5 13. b5 Nb8 14. a4 Nd7 15. O-O Nb6 16. Ra1 Bxc4 17. Bxc4 Nxc4 18. Rfc1 Nb6 19. Bb2 Bd6 20. Ba3 Kd7 21. Rd1 Ke7 22. Rdc1 Rac8 23. Bb2 c6 24. Kf1 cxb5 25. axb5 Rxc1+ 26. Rxc1 Rc8 27. Ke2 Rxc1 28. Bxc1 Bb4 29. Kd3 Kd6 30. Nd2 Kc5 31. Ne4+ Kxb5 32. g4 Be7 33. Kc3 Nd5+ 34. Kb3 a4+ 35. Ka2 Kc4 36. Ba3 Bxa3 37. Kxa3 b5 38. Nd6+ Kc5 39. Ne4+ Kc6 40. h4 Nb6 41. Kb4 Nd7 42. Nc3 Nb6 43. Nxb5 Kd5 44. f3 g6 45. Nc3+ Kc6 46. Nxa4 Nxa4 47. Kxa4 Kc5 48. Kb3 f5 49. Kc3 Kd5 50. Kd3 fxg4 51. fxg4 e4+ 52. Kd2 h5 53. gxh5 gxh5 54. Ke2 Ke5 55. Kf2 Kf6 56. Kg3 Kf5 57. Kh3 Ke5 58. Kg3 Kf5 59. Kh3 Kf6 60. Kg3 Kf5 1/2-1/2


[Site "https://www.chess.com"]

[Event "Titled Tuesday Blitz May 24 Early 2022"]
[White "Stevens, Christian"]
[Black "Zanette, Edgard Vinicius"]
[WhiteFideId "2604450"]
[BlackFideId "2109263"]
[WhiteElo "2516"]
[BlackElo "2182"]
[Result "0-1"]
[Round "02"]
[TimeControl "180+1"]
[Date "2022.05.25"]
[WhiteClock "0:00:05"]
[BlackClock "0:00:11"]

1. d4 Nf6 2. Nf3 c5 3. d5 e6 4. Nc3 d6 5. e4 exd5 6. Nxd5 Nxd5 7. Qxd5 Nc6 8. Bc4 Be6 9. Qd3 Nb4 10. Qe2 a6 11. Ng5 Bxc4 12. Qxc4 Qf6 13. O-O h6 14. Nf3 b5 15. Qe2 Be7 16. a4 Rb8 17. axb5 axb5 18. e5 dxe5 19. Nxe5 Nxc2 20. Ra7 Nd4 21. Qe4 O-O 22. Nd7 Qe6 23. Qxe6 fxe6 24. Nxb8 Bd6 25. Nd7 Rf7 26. Ra8+ Kh7 27. Nb6 Ne2+ 28. Kh1 Nxc1 29. Rxc1 Rxf2 30. Nc8 Bf4 31. Rb1 c4 32. Ra5 b4 33. Rc5 c3 34. bxc3 b3 35. Rb5 Bc1 36. R5xb3 Rf1# 0-1


[Site "https://www.chess.com"]

[Event "Titled Tuesday Blitz May 24 Early 2022"]
[White "Tarigan, Gilbert Elroy"]
[Black "Lazavik, Denis"]
[WhiteFideId "7108133"]
[BlackFideId "13515110"]
[WhiteElo "1908"]
[BlackElo "2437"]
[Result "0-1"]
[Round "02"]
[TimeControl "180+1"]
[Date "2022.05.24"]
[WhiteClock "0:01:36"]
[BlackClock "0:02:08"]

1. d4 f5 2. Nf3 Nf6 3. c4 g6 4. g3 Bg7 5. Bg2 O-O 6. O-O d6 7. Nc3 c6 8. d5 e5 9. dxe6 Bxe6 10. Bf4 Bxc4 11. Qxd6 Qxd6 12. Bxd6 Re8 13. Rfe1 Nbd7 14. Rac1 Rad8 15. b3 Bf7 16. Ng5 Nb6 17. Nxf7 Kxf7 18. Bc5 Rd2 19. Be3 Rxe3 20. fxe3 Ng4 21. Red1 Bxc3 0-1


[Site "https://www.chess.com"]

[Event "Titled Tuesday Blitz May 24 Early 2022"]
[White "Tasev, Dejan"]
[Black "Costachi, Mihnea"]
[WhiteFideId "936618"]
[BlackFideId "1217518"]
[WhiteElo "2253"]
[BlackElo "2476"]
[Result "0-1"]
[Round "02"]
[TimeControl "180+1"]
[Date "2022.05.24"]
[WhiteClock "0:00:19"]
[BlackClock "0:01:11"]

1. e4 c5 2. Nf3 d6 3. Nc3 c4 4. Bxc4 Nf6 5. Bb3 e6 6. d4 Be7 7. h3 O-O 8. O-O a6 9. Qe2 b5 10. a3 Bb7 11. e5 Nfd7 12. exd6 Bxd6 13. Ne4 Be7 14. c3 Nc6 15. Rd1 Nf6 16. Nxf6+ Bxf6 17. Bf4 Re8 18. Rd2 Na5 19. Ba2 Rc8 20. Rad1 Nc4 21. Rd3 Qb6 22. Ne5 Nxe5 23. dxe5 Be7 24. Rg3 Red8 25. Bb1 g6 26. Rgd3 Rxd3 27. Bxd3 Qc6 28. f3 Qc5+ 29. Qe3 Qc7 30. Qe2 Qc5+ 31. Kh2 Rd8 32. Bc2 Rxd1 33. Qxd1 Bd5 34. Qd4 Qc6 35. Be4 Bxe4 36. Qxe4 Qc7 37. Qa8+ Kg7 38. Qxa6 Qc4 39. Bg3 h5 40. Qa7 Bc5 41. Qd7 Qf1 42. Bh4 Qg1+ 43. Kg3 Qe1+ 44. Kh2 Bg1+ 0-1


[Site "https://www.chess.com"]

[Event "Titled Tuesday Blitz May 24 Early 2022"]
[White "Timofeev, Artyom"]
[Black "Avramidou, Anastasia"]
[WhiteFideId "4140419"]
[BlackFideId "4239873"]
[WhiteElo "2594"]
[BlackElo "2183"]
[Result "1-0"]
[Round "02"]
[TimeControl "180+1"]
[Date "2022.05.25"]
[WhiteClock "0:01:26"]
[BlackClock "0:00:14"]

1. e4 c6 2. Ne2 d5 3. e5 g6 4. d4 Bg7 5. Be3 f6 6. f4 Nh6 7. Qd2 c5 8. Nbc3 cxd4 9. Bxd4 O-O 10. exf6 exf6 11. O-O-O Be6 12. Kb1 Nc6 13. h3 Nxd4 14. Nxd4 Bf7 15. g4 Re8 16. Bg2 Rc8 17. Nb3 Qc7 18. Nxd5 Qb8 19. Rhe1 Rxe1 20. Qxe1 Re8 21. Qb4 b6 22. a4 Be6 23. Nd4 Bxd5 24. Bxd5+ Kh8 25. Ne6 Ng8 26. Bb3 Qc8 27. Qd6 Ne7 28. Nc7 1-0


[Site "https://www.chess.com"]

[Event "Titled Tuesday Blitz May 24 Early 2022"]
[White "Tologon tegin, Semetei"]
[Black "Legenia, Artem"]
[WhiteFideId "13800574"]
[BlackFideId "14136945"]
[WhiteElo "2258"]
[BlackElo "1936"]
[Result "1-0"]
[Round "02"]
[TimeControl "180+1"]
[Date "2022.05.25"]
[WhiteClock "0:01:59"]
[BlackClock "0:01:19"]

1. e4 c6 2. Nc3 d5 3. Nf3 dxe4 4. Nxe4 Bg4 5. h3 Bxf3 6. Qxf3 e6 7. b3 Nd7 8. Bb2 Ngf6 9. Nxf6+ Nxf6 10. Bd3 Be7 11. O-O-O Qd5 12. Qg3 g6 13. Qf4 Nh5 14. Qc7 Nf6 15. Qxb7 Rd8 16. f3 Rd7 17. Qb8+ Rd8 18. Qxa7 Rd7 19. Qb8+ Rd8 20. Qe5 O-O 21. Qxd5 Nxd5 22. a4 Nb4 23. Bc4 c5 24. c3 Nd3+ 25. Bxd3 Rxd3 26. Kc2 Rfd8 27. Rhe1 Bf6 28. Ba3 R3d5 29. d3 Rb8 30. Re4 Be7 31. Rc4 Bd6 32. d4 cxd4 33. Bxd6 Rxd6 34. Rcxd4 Rdb6 35. Rd8+ Rxd8 36. Rxd8+ Kg7 37. a5 Ra6 38. b4 1-0


[Site "https://www.chess.com"]

[Event "Titled Tuesday Blitz May 24 Early 2022"]
[White "Tomaszewski, Kacper"]
[Black "Borawski, Jakub"]
[WhiteFideId "1127373"]
[BlackFideId "1143000"]
[WhiteElo "2153"]
[BlackElo "2020"]
[Result "0-1"]
[Round "02"]
[TimeControl "180+1"]
[Date "2022.05.25"]
[WhiteClock "0:01:21"]
[BlackClock "0:01:01"]

1. e4 e5 2. Nc3 Nf6 3. Nf3 Nc6 4. g3 d5 5. exd5 Nxd5 6. Bg2 Be7 7. O-O Be6 8. Re1 f6 9. d4 Nxc3 10. bxc3 Qd7 11. Bb2 O-O-O 12. c4 Bxc4 13. dxe5 Qxd1 14. Raxd1 Rxd1 15. Rxd1 Bxa2 16. exf6 Bxf6 17. Bxf6 gxf6 18. Bh3+ Kb8 19. Rd7 a5 20. Bf5 a4 21. Bxh7 Be6 22. Rg7 a3 0-1


[Site "https://www.chess.com"]

[Event "Titled Tuesday Blitz May 24 Early 2022"]
[White "Toncheva, Nadya"]
[Black "Piliczewski, Bogusz"]
[WhiteFideId "2924056"]
[BlackFideId "1104144"]
[WhiteElo "1888"]
[BlackElo "1896"]
[Result "1-0"]
[Round "02"]
[TimeControl "180+1"]
[Date "2022.05.25"]
[WhiteClock "0:00:25"]
[BlackClock "0:00:05"]

1. e4 c6 2. d4 d5 3. Nc3 dxe4 4. Nxe4 Bf5 5. Ng3 Bg6 6. h4 h6 7. Nf3 Nd7 8. Bd3 Bxd3 9. Qxd3 e6 10. Bf4 Qa5+ 11. Bd2 Qc7 12. O-O-O Ngf6 13. Kb1 Bd6 14. Ne4 Nxe4 15. Qxe4 O-O-O 16. c4 Nf6 17. Qe2 Bf4 18. Bc3 Rhe8 19. g3 Bd6 20. Ne5 Bxe5 21. dxe5 Nd7 22. Qe3 c5 23. Rd6 Nb6 24. Qd3 Rd7 25. Rd1 Red8 26. b3 Kb8 27. Ba5 Rxd6 28. exd6 Qc6 29. Bc3 f6 30. Ba5 Rd7 31. g4 e5 32. g5 hxg5 33. hxg5 Ka8 34. gxf6 gxf6 35. Rg1 a6 36. Rd1 Nc8 37. Bc7 1-0


[Site "https://www.chess.com"]

[Event "Titled Tuesday Blitz May 24 Early 2022"]
[White "Turutin, Alexander"]
[Black "Khoroshev, Nikita"]
[WhiteFideId "4180623"]
[BlackFideId "14200287"]
[WhiteElo "2402"]
[BlackElo "2354"]
[Result "0-1"]
[Round "02"]
[TimeControl "180+1"]
[Date "2022.05.25"]
[WhiteClock "0:00:10"]
[BlackClock "0:01:08"]

1. g3 d5 2. Bg2 c5 3. d3 Nc6 4. Nf3 g6 5. O-O Bg7 6. Nc3 Nf6 7. a3 O-O 8. Rb1 a5 9. a4 Bf5 10. Nh4 Bg4 11. h3 Be6 12. e4 dxe4 13. Nxe4 Nxe4 14. dxe4 Qxd1 15. Rxd1 Nd4 16. Be3 Nxc2 17. Bxc5 Rfe8 18. f4 Rac8 19. Bf2 Bb3 20. Rd7 Bxa4 21. Rxb7 Rb8 22. Ra7 Ra8 23. Rxa8 Rxa8 24. e5 Rb8 25. Nf3 f6 26. exf6 exf6 27. Nd2 f5 28. Nc4 Rb4 29. Bd5+ Kh8 30. Ne5 Bf6 31. Nd3 Rb8 32. b3 Bb5 33. Ne5 Kg7 34. Rc1 Bxe5 35. fxe5 Bd3 36. Rd1 Nb4 37. Bc4 Bxc4 38. bxc4 Kf7 39. Rd7+ Ke6 40. Ra7 Kxe5 41. Rxa5+ Ke4 42. c5 Nd3 43. Ra2 Kf3 44. Bd4 Kxg3 45. c6 Rb1# 0-1


[Site "https://www.chess.com"]

[Event "Titled Tuesday Blitz May 24 Early 2022"]
[White "Urazayev, Arystanbek"]
[Black "Bagrationi, Alexander"]
[WhiteFideId "13709810"]
[BlackFideId "14104954"]
[WhiteElo "2422"]
[BlackElo "2502"]
[Result "0-1"]
[Round "02"]
[TimeControl "180+1"]
[Date "2022.05.25"]
[WhiteClock "0:00:47"]
[BlackClock "0:01:18"]

1. e4 e6 2. d4 d5 3. Nd2 h6 4. c3 Nf6 5. e5 Nfd7 6. Bd3 c5 7. Qe2 Nc6 8. Ngf3 Be7 9. O-O g5 10. Qe3 g4 11. Ne1 Qb6 12. Nc2 cxd4 13. cxd4 Bg5 14. f4 gxf3 15. Qxf3 Ndxe5 16. Qf2 Nxd3 17. Qxf7+ Kd8 18. Nc4 dxc4 19. Bxg5+ hxg5 20. Qf6+ Kc7 21. Qxh8 Qxb2 22. Ne3 Nxd4 23. Qh7+ Bd7 24. Nxc4 Ne2+ 25. Kh1 Nf2+ 26. Rxf2 Qxa1+ 27. Rf1 Qxf1# 0-1


[Site "https://www.chess.com"]

[Event "Titled Tuesday Blitz May 24 Early 2022"]
[White "Vajda, Levente"]
[Black "Ioannidis, Evgenios"]
[WhiteFideId "1203975"]
[BlackFideId "4229274"]
[WhiteElo "2573"]
[BlackElo "2254"]
[Result "1-0"]
[Round "02"]
[TimeControl "180+1"]
[Date "2022.05.25"]
[WhiteClock "0:00:19"]
[BlackClock "0:00:05"]

1. e4 c5 2. c3 Nf6 3. e5 Nd5 4. d4 cxd4 5. Nf3 d6 6. cxd4 Nc6 7. Bc4 dxe5 8. dxe5 Ndb4 9. O-O Qxd1 10. Rxd1 Bg4 11. e6 fxe6 12. Nc3 Rc8 13. h3 Bxf3 14. gxf3 Kf7 15. Ne4 h6 16. Nc5 Nd4 17. Rxd4 Rxc5 18. Rf4+ Ke8 19. Bxe6 Nc2 20. Rb1 g5 21. Ra4 a6 22. Bd2 Bg7 23. Bc3 Kf8 24. Rd1 Bxc3 25. bxc3 Rxc3 26. Re4 Kg7 27. Rd7 Rf8 28. Rxe7+ Kg6 29. Bd5 b5 30. R4e6+ Kh5 31. Rh7 g4 32. Re5+ Kg6 33. Be4+ Kf6 34. Rf5+ 1-0


[Site "https://www.chess.com"]

[Event "Titled Tuesday Blitz May 24 Early 2022"]
[White "Vasquez Schroeder, Rodrigo"]
[Black "Tregubov, Pavel V."]
[WhiteFideId "3400042"]
[BlackFideId "4115341"]
[WhiteElo "2567"]
[BlackElo "2341"]
[Result "1/2-1/2"]
[Round "02"]
[TimeControl "180+1"]
[Date "2022.05.24"]
[WhiteClock "0:01:14"]
[BlackClock "0:00:22"]

1. e4 e5 2. Nf3 Nf6 3. d3 Nc6 4. Be2 d5 5. Nbd2 Be7 6. O-O O-O 7. c3 Re8 8. a3 Bf8 9. b4 a6 10. Bb2 h6 11. Re1 Bg4 12. h3 Bh5 13. Bf1 Qd7 14. Qc2 Rad8 15. Rad1 d4 16. cxd4 Nxd4 17. Bxd4 exd4 18. Rc1 c6 19. Be2 a5 20. bxa5 Bxa3 21. Rb1 c5 22. Nc4 Bb4 23. Red1 Qc7 24. Ra1 Ra8 25. Qa4 Bc3 26. Ra2 Re6 27. Rb1 Rea6 28. Qb5 R8a7 29. e5 Nd5 30. Qe8+ Kh7 31. Ng5+ hxg5 32. Bxh5 g6 33. Bf3 Nb4 34. Re2 Re6 35. Qb5 Nxd3 36. Bxb7 Nxe5 37. Nxe5 Rxa5 38. Qd3 Rxe5 39. Be4 c4 40. Qf3 d3 41. Rb7 Qxb7 42. Bxb7 dxe2 43. Qxf7+ Kh6 44. Qf8+ Kh7 45. Qf7+ Kh6 46. Qf8+ Kh7 47. Qf7+ 1/2-1/2


[Site "https://www.chess.com"]

[Event "Titled Tuesday Blitz May 24 Early 2022"]
[White "Vidit, Santosh Gujrathi"]
[Black "Skliarov, Viktor"]
[WhiteFideId "5029465"]
[BlackFideId "14106736"]
[WhiteElo "2654"]
[BlackElo "2229"]
[Result "1-0"]
[Round "02"]
[TimeControl "180+1"]
[Date "2022.05.24"]
[WhiteClock "0:00:16"]
[BlackClock "0:00:14"]

1. e4 c5 2. Nf3 Nc6 3. Bb5 e6 4. O-O Nge7 5. Re1 Nd4 6. Nxd4 cxd4 7. c3 a6 8. Bf1 Nc6 9. b4 Be7 10. Na3 O-O 11. Nc2 dxc3 12. dxc3 Bf6 13. Qd3 d5 14. exd5 Qxd5 15. Qg3 Rd8 16. Bf4 Qf5 17. Ne3 Qg6 18. Ng4 Bxc3 19. Nh6+ gxh6 20. Qxc3 f6 21. Bc4 Ne7 22. Re3 Nf5 23. Bxe6+ Bxe6 24. Rxe6 Rac8 25. Qxf6 Nd4 26. Qxg6+ hxg6 27. Re7 Kf8 28. Re4 Kg7 29. Rxd4 Rxd4 30. Be5+ Kf7 31. Bxd4 Rc4 32. Bc5 b6 33. Bxb6 Rxb4 34. Be3 1-0


[Site "https://www.chess.com"]

[Event "Titled Tuesday Blitz May 24 Early 2022"]
[White "Vidonyak, Roman"]
[Black "Sismeiro, Miguel"]
[WhiteFideId "14100622"]
[BlackFideId "1950975"]
[WhiteElo "2360"]
[BlackElo "2031"]
[Result "0-1"]
[Round "02"]
[TimeControl "180+1"]
[Date "2022.05.25"]
[WhiteClock "0:00:06"]
[BlackClock "0:00:11"]

1. d4 g6 2. c4 Bg7 3. e4 d6 4. Nc3 c5 5. d5 Bxc3+ 6. bxc3 e5 7. h4 h6 8. Be3 Nd7 9. Be2 Qe7 10. Qd2 Ndf6 11. f3 Kd8 12. g4 Ne8 13. O-O-O Bd7 14. Nh3 Kc7 15. Kb1 b6 16. Qc2 f5 17. gxf5 gxf5 18. exf5 Ng7 19. Bd3 Rf8 20. f4 Nxf5 21. Bf2 exf4 22. Nxf4 Ne3 23. Bxe3 Qxe3 24. Ng2 Qf2 25. Rd2 Qg3 26. Re2 Nf6 27. Rhe1 Ng4 28. Re7 Ne5 29. Qa4 Qxd3+ 30. Kb2 Qd2+ 31. Ka3 Kd8 32. Rxd7+ Nxd7 33. Rd1 Qxc3+ 34. Qb3 Qxb3+ 35. axb3 Ne5 36. Ne3 Rf3 37. Nc2 Nxc4+ 0-1


[Site "https://www.chess.com"]

[Event "Titled Tuesday Blitz May 24 Early 2022"]
[White "Vignesh, N R"]
[Black "Vainio, Ville"]
[WhiteFideId "25012215"]
[BlackFideId "507270"]
[WhiteElo "2363"]
[BlackElo "2233"]
[Result "1-0"]
[Round "02"]
[TimeControl "180+1"]
[Date "2022.05.25"]
[WhiteClock "0:01:04"]
[BlackClock "0:00:07"]

1. e4 d6 2. d4 Nf6 3. Nc3 g6 4. Nf3 Bg7 5. Be2 O-O 6. O-O Bg4 7. Be3 Nc6 8. Nd2 Bxe2 9. Qxe2 e5 10. d5 Ne7 11. a4 Nd7 12. Nc4 f5 13. f3 f4 14. Bf2 g5 15. a5 a6 16. b4 h5 17. Rfb1 Bf6 18. b5 Kh8 19. b6 Rc8 20. Ra3 Rg8 21. bxc7 Qxc7 22. Nb6 g4 23. Nxc8 Qxc8 24. Kh1 g3 25. Bg1 gxh2 26. Bxh2 h4 27. Na4 Nc5 28. Rc3 Qe8 29. Nxc5 dxc5 30. Rxc5 Qh5 31. d6 Nc6 32. Bxf4 Nd4 33. Qf2 h3 34. g4 Qe8 35. Bxe5 Bxe5 36. Qh4+ Kg7 37. Qg5+ Kf7 38. Rxb7+ Kf8 39. Qe7+ Qxe7 40. dxe7+ Kf7 41. e8=Q+ 1-0


[Site "https://www.chess.com"]